General information
- name: BNet
- type: Ladder team game (AT/RT)
- host: Battle.net
- saver: sc2no.wc4yes
map: Slalom
- players: 8
- length: 25:10
- speed: Fast
- version: 1.26 W3XP
- replay type: Public
» download(170 KB)
Players
team 1 (winner)
MT333 (
purple | 33 APM | 831 actions | 25:09)
9 Blademaster
3 Wind Walk
3 Critical Strike
1 Bladestorm
2 Mirror Image
2 Archmage
2 Brilliance Aura
1 Priestess of the Moon
1 Searing Arrows
» actions
| Build / train | 101 | |
| Enter build submenu | 29 | |
| Enter hero's abilities submenu | 12 | |
| Right click | 273 | |
| Select / deselect | 315 | |
| Use ability | 101 | |
831 total
» units
| Peon | 15 | |
| Wisp | 3 | |
| Peasant | 7 | |
| Troll Batrider | 17 | |
| Shaman | 11 | |
| Troll Witch Doctor | 11 | |
64 total
» upgrades
| Ranged Weapons | 3 | |
| Liquid Fire | 1 | |
| Armor | 2 | |
| Shaman Training | 2 | |
| Witch Doctor Training | 2 | |
10 total
» buildings
| Altar of Storms | 1 | |
| Orc Burrow | 5 | |
| Voodoo Lounge | 1 | |
| Farm | 2 | |
| Stronghold | 1 | |
| War Mill | 2 | |
| Lumber Mill | 1 | |
| Fortress | 1 | |
| Beastiary | 3 | |
| Great Hall | 2 | |
| Scout Tower | 2 | |
| Guard Tower | 2 | |
| Ancient of Wind | 1 | |
| Spirit Lodge | 2 | |
| Town Hall | 1 | |
27 total
» build order
00:08 Altar of Storms
00:17 Orc Burrow
01:34 Voodoo Lounge
01:37 Orc Burrow
02:37 Farm
03:09 Stronghold
03:17 War Mill
03:59 Lumber Mill
05:28 Orc Burrow
05:31 Fortress
05:35 Beastiary
05:37 Beastiary
05:40 Beastiary
06:20 Orc Burrow
07:15 Great Hall
08:26 Orc Burrow
09:01 Scout Tower
09:07 Scout Tower
10:33 Guard Tower
10:35 Guard Tower
11:04 Ancient of Wind
12:21 Farm
13:25 Spirit Lodge
13:28 Spirit Lodge
15:39 Town Hall
16:39 Great Hall
17:08 War Mill
» items
| Healing Salve | 3 | |
| Lesser Clarity Potion | 2 | |
| Boots of Speed | 1 | |
| Orb of Lightning | 1 | |
| Scroll of Speed | 1 | |
| Scroll of Town Portal | 1 | |
| Potion of Healing | 1 | |
10 total

»
sc2no.wc4yes (
pink | 99 APM | 2494 actions | 25:10)
5 Archmage
3 Summon Water Elemental
1 Brilliance Aura
1 Mass Teleport
5 Death Knight
3 Death Coil
2 Unholy Aura
4 Priestess of the Moon
3 Trueshot Aura
1 Searing Arrows
7 Lich
3 Frost Nova
3 Dark Ritual
1 Death and Decay
» actions
| Assign group hotkey | 86 | |
| Basic commands | 209 | |
| Build / train | 156 | |
| ESC pressed | 10 | |
| Enter build submenu | 57 | |
| Enter hero's abilities submenu | 23 | |
| Right click | 702 | |
| Select / deselect | 626 | |
| Select group hotkey | 494 | |
| Use ability | 131 | |
2494 total
» units
| Acolyte | 9 | |
| Wisp | 16 | |
| Peasant | 7 | |
| Ghoul | 8 | |
| Crypt Fiend | 14 | |
| Archer | 4 | |
| Rifleman | 8 | |
| Huntress | 6 | |
| Meatwagon | 1 | |
| Obsidian Statue | 2 | |
| Knight | 14 | |
| Druid of the Talon | 5 | |
| Frost Wyrm | 6 | |
| Chimaera | 6 | |
| Hippogryph | 3 | |
109 total
» upgrades
| Gunpowder | 1 | |
| Web | 1 | |
| Armor | 1 | |
| Long Rifles | 1 | |
| Creature Attack | 1 | |
| Creature Carapace | 1 | |
| Animal War Training | 2 | |
| Corrosive Breath | 1 | |
| Nature's Blessing | 2 | |
11 total
» buildings
| Altar of Kings | 1 | |
| Farm | 12 | |
| Crypt | 1 | |
| Altar of Elders | 1 | |
| Moon Well | 7 | |
| Ziggurat | 8 | |
| Altar of Darkness | 1 | |
| Graveyard | 1 | |
| Blacksmith | 1 | |
| Barracks | 2 | |
| Ancient of War | 2 | |
| Halls of the Dead | 1 | |
| Hunter's Hall | 1 | |
| Keep | 2 | |
| Tree of Ages | 2 | |
| Tree of Life | 1 | |
| Necropolis | 1 | |
| Black Citadel | 1 | |
| Tomb of Relics | 1 | |
| Castle | 1 | |
| Sacrificial Pit | 1 | |
| Tree of Eternity | 2 | |
| Slaughterhouse | 1 | |
| Boneyard | 3 | |
| Ancient of Wind | 1 | |
| Chimaera Roost | 4 | |
60 total
» build order
00:25 Altar of Kings
00:28 Farm
00:29 Farm
00:32 Crypt
00:37 Altar of Elders
00:43 Moon Well
00:48 Ziggurat
00:51 Altar of Darkness
01:12 Ziggurat
01:22 Farm
01:32 Graveyard
01:48 Blacksmith
02:06 Barracks
02:11 Ancient of War
02:11 Ancient of War
02:15 Moon Well
02:18 Moon Well
02:32 Barracks
02:34 Farm
02:37 Farm
02:39 Farm
02:54 Ziggurat
02:58 Moon Well
03:08 Farm
04:11 Halls of the Dead
04:24 Hunter's Hall
04:49 Keep
04:50 Keep
05:06 Tree of Ages
05:06 Tree of Ages
05:47 Ziggurat
05:48 Ziggurat
06:03 Tree of Life
06:08 Farm
06:09 Farm
06:24 Necropolis
06:45 Black Citadel
06:50 Tomb of Relics
07:19 Castle
07:24 Sacrificial Pit
08:03 Tree of Eternity
08:04 Tree of Eternity
08:36 Slaughterhouse
09:02 Ziggurat
09:03 Ziggurat
09:04 Ziggurat
10:54 Boneyard
10:54 Boneyard
10:55 Boneyard
11:10 Ancient of Wind
12:39 Chimaera Roost
12:39 Chimaera Roost
12:39 Chimaera Roost
12:40 Chimaera Roost
13:46 Farm
13:46 Farm
13:47 Farm
14:49 Moon Well
14:50 Moon Well
14:50 Moon Well
» items
DGAFAMD (
blue | 0 APM | 0 actions | 00:03)
team 2 (loser)

»
lok0_0 (
teal | 76 APM | 1879 actions | 24:46)
5 Beastmaster
2 Summon Bear
3 Summon Hawk
3 Priestess of the Moon
1 Scout
2 Trueshot Aura
» actions
| Assign group hotkey | 15 | |
| Basic commands | 66 | |
| Build / train | 59 | |
| Enter build submenu | 27 | |
| Enter hero's abilities submenu | 8 | |
| Give item / drop item | 2 | |
| Remove unit from queue | 1 | |
| Right click | 652 | |
| Select / deselect | 326 | |
| Select group hotkey | 648 | |
| Use ability | 75 | |
1879 total
» units
| Wisp | 24 | |
| Archer | 4 | |
| Hippogryph | 3 | |
| Chimaera | 2 | |
| Dryad | 5 | |
38 total
» upgrades
| Strength of the Wild | 3 | |
| Reinforced Hides | 2 | |
| Abolish Magic | 1 | |
6 total
» buildings
| Ancient of War | 1 | |
| Moon Well | 8 | |
| Altar of Elders | 1 | |
| Tree of Life | 4 | |
| Tree of Ages | 1 | |
| Hunter's Hall | 1 | |
| Tree of Eternity | 1 | |
| Ancient of Wind | 2 | |
| Chimaera Roost | 3 | |
| Ancient of Wonders | 1 | |
| Ancient of Lore | 3 | |
26 total
» build order
00:21 Ancient of War
00:35 Moon Well
01:15 Moon Well
01:24 Altar of Elders
03:45 Tree of Life
04:21 Tree of Ages
04:46 Hunter's Hall
05:37 Moon Well
05:39 Moon Well
05:40 Moon Well
07:02 Tree of Eternity
07:10 Ancient of Wind
07:12 Ancient of Wind
07:44 Moon Well
07:45 Moon Well
07:49 Moon Well
10:39 Chimaera Roost
10:41 Chimaera Roost
10:43 Chimaera Roost
10:56 Tree of Life
12:24 Ancient of Wonders
15:17 Ancient of Lore
15:19 Ancient of Lore
18:36 Ancient of Lore
19:03 Tree of Life
23:24 Tree of Life
» items
| Orb of Venom | 1 | |
| Orb of Lightning | 1 | |
2 total
Itazo (
red | 101 APM | 2545 actions | 25:09)
6 Keeper of the Grove
3 Entangling Roots
3 Thorns Aura
3 Priestess of the Moon
2 Trueshot Aura
1 Searing Arrows
» actions
| Assign group hotkey | 83 | |
| Basic commands | 282 | |
| Build / train | 78 | |
| ESC pressed | 4 | |
| Enter build submenu | 15 | |
| Enter hero's abilities submenu | 10 | |
| Right click | 824 | |
| Select / deselect | 397 | |
| Select group hotkey | 769 | |
| Use ability | 83 | |
2545 total
» units
| Wisp | 23 | |
| Huntress | 15 | |
| Chimaera | 10 | |
| Hippogryph | 5 | |
53 total
» upgrades
| Ultravision | 1 | |
| Strength of the Moon | 1 | |
| Moon Armor | 1 | |
| Strength of the Wild | 3 | |
| Sentinel | 1 | |
| Reinforced Hides | 3 | |
| Upgrade Moon Glaive | 1 | |
| Corrosive Breath | 1 | |
12 total
» buildings
| Moon Well | 5 | |
| Altar of Elders | 1 | |
| Ancient of War | 2 | |
| Hunter's Hall | 1 | |
| Tree of Life | 1 | |
| Tree of Ages | 1 | |
| Ancient of Wind | 1 | |
| Tree of Eternity | 1 | |
| Ancient Protector | 3 | |
| Chimaera Roost | 2 | |
18 total
» build order
00:32 Moon Well
01:21 Moon Well
02:22 Altar of Elders
02:38 Ancient of War
02:41 Ancient of War
02:58 Hunter's Hall
03:26 Moon Well
03:35 Moon Well
07:27 Tree of Life
07:56 Moon Well
08:58 Tree of Ages
11:41 Ancient of Wind
11:43 Tree of Eternity
13:34 Ancient Protector
13:39 Ancient Protector
13:45 Ancient Protector
14:19 Chimaera Roost
14:20 Chimaera Roost

»
RaffOutRoud (
yellow | 66 APM | 1654 actions | 24:55)
6 Paladin
2 Holy Light
1 Devotion Aura
2 Divine Shield
1 Resurrection
6 Archmage
2 Summon Water Elemental
3 Brilliance Aura
1 Mass Teleport
3 Mountain King
2 Storm Bolt
1 Bash
» actions
| Build / train | 108 | |
| Enter build submenu | 23 | |
| Enter hero's abilities submenu | 15 | |
| Give item / drop item | 1 | |
| Remove unit from queue | 16 | |
| Right click | 869 | |
| Select / deselect | 495 | |
| Use ability | 127 | |
1654 total
» units
» upgrades
| Defend | 1 | |
| Gunpowder | 3 | |
| Long Rifles | 1 | |
| Lumber Harvesting | 2 | |
| Armor | 3 | |
10 total
» buildings
| Farm | 10 | |
| Lumber Mill | 1 | |
| Keep | 3 | |
| Barracks | 5 | |
| Blacksmith | 1 | |
| Altar of Kings | 2 | |
| Castle | 1 | |
| Town Hall | 3 | |
| Arcane Vault | 1 | |
27 total
» build order
00:32 Farm
01:13 Farm
01:33 Lumber Mill
01:52 Farm
02:31 Keep
02:48 Barracks
02:52 Barracks
02:56 Blacksmith
04:06 Altar of Kings
04:08 Altar of Kings
05:36 Farm
05:42 Farm
05:52 Castle
07:34 Farm
12:55 Town Hall
13:04 Town Hall
15:32 Arcane Vault
16:03 Farm
16:06 Farm
16:30 Farm
16:33 Farm
20:27 Town Hall
20:35 Barracks
20:39 Barracks
21:35 Keep
21:42 Barracks
» items
| Scroll of Regeneration | 2 | |
| Lesser Clarity Potion | 1 | |
| Orb of Fire | 1 | |
| Potion of Healing | 3 | |
7 total
StripedNebulae (
green | 47 APM | 1186 actions | 25:01)
5 Blademaster
3 Critical Strike
2 Wind Walk
4 Shadow Hunter
2 Hex
1 Healing Wave
1 Serpent Ward
2 Far Seer
1 Feral Spirit
1 Chain Lighting
» actions
| Assign group hotkey | 1 | |
| Basic commands | 30 | |
| Build / train | 76 | |
| Enter build submenu | 22 | |
| Enter hero's abilities submenu | 11 | |
| Give item / drop item | 4 | |
| Remove unit from queue | 4 | |
| Right click | 625 | |
| Select / deselect | 330 | |
| Use ability | 82 | |
1186 total
» units
| Peon | 13 | |
| Grunt | 3 | |
| Wind Rider | 11 | |
| Troll Batrider | 5 | |
| Raider | 4 | |
36 total
» upgrades
| Armor | 1 | |
| Ranged Weapons | 3 | |
| Reinforced Defenses | 1 | |
| Liquid Fire | 1 | |
| Ensnare | 1 | |
| Melee Weapons | 1 | |
8 total
» buildings
| Barracks | 1 | |
| Orc Burrow | 7 | |
| Altar of Storms | 1 | |
| Voodoo Lounge | 1 | |
| Great Hall | 1 | |
| Stronghold | 1 | |
| War Mill | 1 | |
| Watch Tower | 5 | |
| Beastiary | 3 | |
| Fortress | 1 | |
22 total
» build order
00:35 Barracks
00:42 Orc Burrow
00:56 Altar of Storms
01:16 Orc Burrow
01:50 Voodoo Lounge
04:04 Great Hall
05:01 Stronghold
05:04 War Mill
05:06 Orc Burrow
05:12 Orc Burrow
05:32 Orc Burrow
06:17 Orc Burrow
06:24 Watch Tower
07:07 Orc Burrow
07:14 Watch Tower
07:29 Beastiary
07:47 Beastiary
07:52 Beastiary
09:06 Watch Tower
10:20 Watch Tower
10:24 Fortress
15:42 Watch Tower
» items
| Healing Salve | 6 | |
| Lesser Clarity Potion | 1 | |
| Orb of Lightning | 1 | |
| Scroll of Town Portal | 2 | |
| Potion of Healing | 2 | |
12 total
Chat log
(00:07 / Allies) sc2no.wc4yes: i take him
(00:07 / All) Itazo: fear ?
(00:07 / Allies) sc2no.wc4yes: dotn cry
(00:09 / Allies) sc2no.wc4yes: DONT LEAVE
(00:10 / All) Itazo: fear ?
(00:10 / Allies) sc2no.wc4yes: I TAKE BOTH
(00:14 / All) Itazo: i gothim
(00:22 / Allies) sc2no.wc4yes: mass tier 1 ranged
(00:31 / Allies) MT333: i take blue
(00:38 / Allies) sc2no.wc4yes: k
(00:39 / Allies) sc2no.wc4yes: make him rifles
(00:47 / Allies) MT333: k
(00:49 / Allies) MT333: rush?
(00:56 / Allies) sc2no.wc4yes: what we do is
(00:57 / Allies) sc2no.wc4yes: mass ranged
(00:59 / Allies) sc2no.wc4yes: until high food
(01:04 / Allies) sc2no.wc4yes: 70 food of tier 1 owns them
(01:07 / Allies) sc2no.wc4yes: even if they have a ltitle air coming out
(01:46 / Allies) MT333: we rush or tech?
(01:57 / Allies) sc2no.wc4yes: hmm
(01:58 / Allies) sc2no.wc4yes: u tech
(02:00 / Allies) sc2no.wc4yes: ur orc
(02:03 / Allies) sc2no.wc4yes: iorc casters double an army
(08:22 / Allies) sc2no.wc4yes: need to hit now
(08:27 / Allies) sc2no.wc4yes: before they get tier 3 pumpmp0ngi
(13:12 / Allies) sc2no.wc4yes: we need casters from you
(13:13 / Allies) sc2no.wc4yes: not bats
(13:20 / Allies) sc2no.wc4yes: bats are horrible
(15:27 / Allies) sc2no.wc4yes: you stole the humans expo and all youre making is shitty bats
(15:39 / Allies) sc2no.wc4yes: meanwhile we are killing their air with web
(15:40 / Allies) sc2no.wc4yes: why do you want bats
(17:47 / All) sc2no.wc4yes: al;wauys about the hero kills with you noobs
(17:48 / All) sc2no.wc4yes: lmao
(18:37 / All) sc2no.wc4yes: my moron ally has done nothing but make bats
(18:41 / All) sc2no.wc4yes: even though he dodsnt know what a bat is
(18:43 / All) sc2no.wc4yes: yiou lost 4v1
(18:45 / All) sc2no.wc4yes: and i only have 3 bases
(23:26 / Allies) sc2no.wc4yes: do you knwo what bats are for
(23:36 / Allies) sc2no.wc4yes: you seem to think they are chimaeras
(23:50 / Allies) sc2no.wc4yes: BAT HIS FUCKING AIR MORON
(24:52 / All) RaffOutRoud: ROR
(24:59 / All) sc2no.wc4yes: RAPED